SOpa, lawful male human Barbarian -----.. |....... |..--<.- --...-- ---.--- |..... ---... |.@. -.G SOpa the Barbarian Experience level: 3 Strength: 18 Dexterity: 18 Constitution: 19 Intelligence: 7 Wisdom: 7 Charisma: 6 Health: 0(35) Energy: 9(9) Def: 4 Gold: 492 Moves: 830 Dungeon seed [set]: Game ID: SOpa_1679044761 Your Inventory: Coins $ - 492 gold pieces Weapons a - an uncursed corroded +0 battle-axe (weapon in hands) b - an uncursed +0 short sword (alternate weapon; not wielded) Armor e - an uncursed +0 ring mail (being worn) n - an uncursed +0 orcish helm (being worn) q - an uncursed +0 helmet Comestibles c - 2 uncursed food rations j - an uncursed sprig of wolfsbane Scrolls f - a blessed scroll of destroy armor l - an uncursed scroll of blank paper m - an uncursed scroll of magic mapping Spellbooks h - an uncursed spellbook of detect monsters Potions k - a cursed potion of fruit juice Tools d - an uncursed iron key g - an uncursed sack i - an uncursed oil lamp (0:1267) Spells and supernatural/magical abilities: Name Level Category Fail Memory a - detect monsters 1 divination 100% 98% W - pray for help -- divine ? -- Your skills at the end: Miscellaneous Skills bare handed combat [Basic] Weapon Skills axe [Basic] short sword [Basic] Spellcasting Skills Final Attributes: You were piously aligned. You were poison resistant. You are dead. Vanquished creatures: an iguana 3 coyotes an acid blob a gecko 2 yellow molds 2 manes a gnome zombie a jackal a fox 5 newts a goblin 3 grid bugs 2 lichens a kobold zombie 25 creatures vanquished. Voluntary challenges: You did not adorn yourself with jewelry or accessories. You did not cause conflict. You were not invisible. You did not have reflection. You were not displaced. You were an atheist. You used a wielded weapon 28 times, starting on turn 107. You did not apply a unicorn horn. You did not use plumbed fixtures. You did not drink any magical draughts. You read items or engraved 1 time, starting on turn 307. You never genocided any monsters. You never polymorphed an object. You never changed form. You used no wishes. You did not use any artifacts. You never split a pudding. You never wrote Elbereth's name. You never violated your personal moral code. Dungeon overview: The Dungeons of Doom: levels 1 to 4 Level 1 an altar to Crom a long staircase Level 2 a fountain Level 3 a weapon shop Level 4 a fountain, a sink stairs to The Gnomish Mines The Gnomish Mines: Level 5 <- You were here stairs to The Dungeons of Doom History has recorded: On T:1 you entered the Dungeons of Doom to retrieve the Amulet of Yendor! On T:216 you became devout. On T:297 you reached level 3 of The Dungeons of Doom. On T:297 you unlocked the Ranger role by using stairs. On T:421 you advanced to experience level 2. On T:425 you became pious. On T:553 you reached level 4 of The Dungeons of Doom. On T:723 you advanced to experience level 3. On T:802 you reached level 1 of The Gnomish Mines. On T:802 you unlocked the Rogue role by using long stairs. Score breakdown: Gold: 492 ( 49 points) Experience: 3 levels ( 200 points) Exploration: 5 levels ( 120 points) Discoveries: 1 item ( 50 points) Variety of kills: 14 monsters ( 700 points) Major goal: (nothing yet) ( 0 points) Survival: died (score multiplied by 3) Total score: 3357 Latest messages: You kill the yellow mold! Welcome to experience level 3. You see here a yellow mold corpse. You kill the lichen! The door opens. You kill the yellow mold! Unlocked: the Rogue role. The coyote bites! (3x) You kill the coyote! (2x) There is a long staircase up here. You see here a coyote corpse. You don't have that object. This coyote corpse tastes terrible! You finish eating the coyote corpse. You destroy the kobold zombie! You smite the gnome king! The gnome king swings his crossbow at you. The gnome king hits! The gnome king punches you! You smite the gnome king! The gnome king swings his crossbow at you. The gnome king hits! The gnome king punches you! You die... Final status: Goodbye SOpa the Barbarian, killed by a gnome king... You died in The Gnomish Mines on dungeon level 5 with 3357 points, and 492 pieces of gold, after 830 moves. You were level 3 with a maximum of 35 hit points when you died.